 Dungeon Crawl Stone Soup version 0.22-a0-110-g5b255cf (webtiles) character file.

145 SnubMonkey the Archer (level 5, 0/61 HPs)
             Began as a Centaur Hunter on Jan 27, 2018.
             Succumbed to Sigmund's poison
             ... on level 3 of the Dungeon.
             The game lasted 00:05:59 (2339 turns).

SnubMonkey the Archer (Centaur Hunter)              Turns: 2339, Time: 00:06:00

Health: 0/61       AC: 22    Str: 20    XL:     5   Next: 6%
Magic:  5/5        EV:  1    Int: 10    God:
Gold:   131        SH:  0    Dex: 10    Spells: 4/4 levels left

rFire    . . .     SeeInvis .   b - +1 short sword (venom)
rCold    . . .     Gourm    .   (no shield)
rNeg     + + +     Faith    .   (armour currently unavailable)
rPois    +         Spirit   .   (helmet currently unavailable)
rElec    .         Reflect  .   (cloak currently unavailable)
rCorr    .         Harm     .   (gloves currently unavailable)
MR       .....     NoTele   +   (no barding)
Stlth    +.........             (no amulet)
HPRegen  0.20/turn              (no ring)
MPRegen  0.09/turn              (no ring)

@: mighty, lethally poisoned (0 -> -19), tree-form
A: large
a: no special abilities


You were on level 3 of the Dungeon.
You were not hungry.
You were a tree.
You visited 1 branch of the dungeon, and saw 3 of its levels.

You collected 131 gold pieces.

Inventory:

Hand Weapons
 a - a +1 shortbow
 b - a +1 short sword of venom (weapon)
Missiles
 d - 12 arrows
Armour
 c - a +0 leather armour (melded)
 l - a +0 scale mail
 p - a +0 ring mail
 q - a +0 scale mail
Scrolls
 e - 2 scrolls of enchant weapon
 j - a scroll of noise {unknown}
 m - 3 scrolls of teleportation
 n - a scroll of remove curse {unknown}
 o - a scroll of identify
 r - a scroll of amnesia {unknown}
Potions
 i - a potion of mutation {unknown}
Comestibles
 f - 6 rations


   Skills:
 - Level 2.0 Fighting
 + Level 8.4 Bows
 - Level 1.3 Dodging
 - Level 0.4 Stealth


You had 4 spell levels left.
You didn't know any spells.

Dungeon Overview and Level Annotations

Branches:
Dungeon (3/15)

Altars:
Nemelex Xobeh

Annotations:
D:3 Sigmund


Innate Abilities, Weirdness & Mutations

((You have hooves in place of feet.))
((Armour fits poorly on your strangely shaped body.))
((You cover ground very quickly.))
((You have extremely tough skin. (AC +3)))


Message History

You feel less confused.
* * * LOW HITPOINT WARNING * * *
You feel sick. Something hits you.
* * * LOW HITPOINT WARNING * * *
You are more poisoned.
It was a potion of lignification.
You turn into a tree.
Your +0 leather armour melds into your body.
Your roots penetrate the ground.
* * * LOW HITPOINT WARNING * * *
You feel sick.
You hit something.
* * * LOW HITPOINT WARNING * * *
You feel sick. Something hits you but does no damage.
You barely miss something.
* * * LOW HITPOINT WARNING * * *
You feel very sick. Something hits you but does no damage.
It was a potion of might.
You feel very mighty all of a sudden.
You die...

...###<##..#..##.#
#.##..#..##.#
#.##.....##.#
#.##.⌠.⌠.##.#
#.##.._..##.#
...###.##.⌠.)###.#
#...............# .#
#######..##.###.# .#
##..##♣# #.# .#
#...##{# #.# .#
########...##.# #)# .#
#.....#....##.# #.# .#
#.###.#.#.###.# #)# .#
#.# #.#.#.###.# #.#
.###.###.>.......###.#
(..(..(..............#
......###.##.##((#.###


There were no monsters in sight!

Vanquished Creatures
  An orc priest (D:3)
  6 adders
  2 oozes
  A dart slug (D:1)
  3 leopard geckos
  4 orcs (D:3)
  5 bats
  3 giant cockroaches (D:2)
  6 goblins
  4 hobgoblins
  5 kobolds
  2 quokkas (D:2)
  A ball python (D:1)
  A frilled lizard (D:1)
  3 rats
47 creatures vanquished.

Notes
Turn   | Place    | Note
-------+----------+-------------------------------------------
     0 | D:1      | SnubMonkey the Centaur Hunter began the quest for the Orb.
     0 | D:1      | Reached XP level 1. HP: 17/17 MP: 1/1
   130 | D:1      | Reached skill level 6 in Bows
   130 | D:1      | Reached XP level 2. HP: 24/24 MP: 2/2
   880 | D:1      | You fall through a shaft!
   892 | D:2      | Reached XP level 3. HP: 26/29 MP: 3/3
  1171 | D:1      | Reached skill level 7 in Bows
  1604 | D:2      | Reached XP level 4. HP: 35/36 MP: 4/4
  1859 | D:3      | Found a sparkling altar of Nemelex Xobeh.
  1960 | D:3      | Reached skill level 8 in Bows
  2276 | D:3      | Noticed Sigmund
  2305 | D:3      | Reached XP level 5. HP: 31/41 MP: 5/5
  2338 | D:3      | HP: 1/61 [poisoned by Sigmund]
  2339 | D:3      | Succumbed to Sigmund's poison

Vault maps used:
D:1:      dpeg_arrival_another_circle, minmay_tromino_mix6
D:2:      first_ration
D:3:      nemelex_xobeh_ov_fountains_minmay, lemuel_crystal_altar, uniq_sigmund

Skill      XL: |  1  2  3  4 |
---------------+-------------+-----
Bows           | 6 7 8 |  8.4
Fighting       | |  2.0
Dodging        | |  1.3
Stealth        | |  0.4

Action                   |  1- 3 |  4- 6 || total
-------------------------+-------+-------++-------
Melee: Short sword       |    23 |    14 ||    37
       Kick              |     4 |     2 ||     6
 Fire: Shortbow          |    84 |    67 ||   151
  Use: Scroll            |       |     2 ||     2
       Potion            |       |     3 ||     3
  Eat: Chunk             |     1 |     2 ||     3
Armor: Leather armour    |    17 |     8 ||    25
       Skin              |       |     2 ||     2
Dodge: Dodged            |    27 |    14 ||    41

Table legend:
 A = Spawn XP
 B = Non-spawn XP
 C = Spawn XP percentage of total XP
 D = Spawn monster count
 E = Non-spawn monster count
 F = Spawn count percentage of total count
 G = Total turns spent on level
                    A         B        C        D         E        F      G
               +---------+---------+-------+---------+---------+-------+---------
         Total |       0 |     208 |   0.0 |       0 |      47 |   0.0 |  2339
               +---------+---------+-------+---------+---------+-------+---------
           D:1 |       0 |      47 |   0.0 |       0 |      19 |   0.0 |  1349
           D:2 |       0 |      84 |   0.0 |       0 |      19 |   0.0 |   557
           D:3 |       0 |      77 |   0.0 |       0 |       9 |   0.0 |   433
               +---------+---------+-------+---------+---------+-------+---------
